 Dungeon Crawl Stone Soup version 0.25.1-11-g244df3a29b (webtiles) character file.

Game seed: 13609590973744828613

98 DeepDeath the Cudgeler (level 4, 0/28 HPs)
             Began as a Gargoyle Abyssal Knight on Jan 20, 2024.
             Was a Follower of Lugonu.
             Slain by an orc
             ... wielding a +0 flail
              (1 damage)
             ... on level 1 of the Dungeon.
             The game lasted 00:03:01 (1652 turns).

DeepDeath the Cudgeler (Gargoyle Abyssal Knight)    Turns: 1652, Time: 00:03:02

Health: 0/28       AC:  6    Str: 16    XL:     4   Next: 69%
Magic:  5/5        EV: 11    Int: 13    God:    Lugonu [*.....]
Gold:   122        SH:  0    Dex:  9    Spells: 3/3 levels left

rFire    . . .     SeeInvis .   a - +1 mace
rCold    . . .     Gourm    .   (no shield)
rNeg     + . .     Faith    .   b - +0 leather armour
rPois    ∞         Spirit   .   (no helmet)
rElec    +         Reflect  .   (no cloak)
rCorr    .         Harm     .   (no gloves)
MR       .....                  (no boots)
Stlth    +.........             (no amulet)
HPRegen  0.09/turn              (no ring)
MPRegen  0.09/turn              (no ring)

@: flying
A: negative energy resistance 1, electricity resistance, unbreathing,
petrification resistance, rot immunity, AC +3
a: Depart the Abyss, Renounce Religion


You were on level 1 of the Dungeon.
You worshipped Lugonu.
Lugonu was aware of your devotion.
You were hungry.

You visited 1 branch of the dungeon, and saw 2 of its levels.
You visited the Abyss 1 time.

You collected 122 gold pieces.

Inventory:

Hand Weapons
 a - a +1 mace (weapon)
Missiles
 d - 29 arrows
 j - 51 stones (quivered)
Armour
 b - a +0 leather armour (worn)
 h - a +0 scale mail
Scrolls
 e - a scroll of teleportation
 f - a scroll of blinking
 g - 4 scrolls of identify
 i - a scroll of amnesia
Comestibles
 c - 2 rations


   Skills:
 - Level 3.2 Fighting
 + Level 4.7 Maces & Flails
 - Level 2.1 Armour
 - Level 0.7 Dodging
 - Level 2.0 Invocations


You had 3 spell levels left.
You didn't know any spells.
Your spell library was empty.

Dungeon Overview and Level Annotations

Branches:
Dungeon (2/15)

Altars:
Ashenzari


Innate Abilities, Weirdness & Mutations

You are resistant to torment.
Your stone body is resilient. (AC +3)
You are immune to poison.
You resist negative energy. (rN+)
You are resistant to electric shocks. (rElec)
You can survive without breathing.
You are immune to petrification.
You are immune to rotting.


Message History

You are too injured to fight recklessly!
You are too injured to fight recklessly!
You closely miss the orc. The orc hits you with a +0 flail.
* * * LOW HITPOINT WARNING * * *
You hit the orc.
The orc is heavily wounded.
The orc hits you with a +0 flail.
* * * LOW HITPOINT WARNING * * *
You hit the orc.
The orc is severely wounded.
You are feeling hungry.
You barely miss the orc.
The orc is severely wounded.
The orc hits you with a +0 flail.
* * * LOW HITPOINT WARNING * * *
Unknown command.
You barely miss the orc.
The orc is severely wounded.
The orc hits you with a +0 flail.
You die...

#.....#...#.....#.#
##.....#+#.#..#....#
..............#.#..#
)....#.....##.#.)..#
.....#.....##.###..#
.....#####.##......#
.....#####'#########
............####.#
................@#
............####o#
.....##....#...#.#
...........#.....#
......#.######.###
......#.........###
.........#####....#
.......#######..#'###
....................#


You could see an orc.

Vanquished Creatures
  Terence (D:2)
  A hound skeleton (D:2)
  2 adders (D:2)
  A dart slug (D:1)
  2 leopard geckos
  A ball python (D:1)
  5 bats
  A giant cockroach (D:2)
  5 goblins
  3 hobgoblins
  7 jackals (D:2)
  2 quokkas (D:2)
  3 frilled lizards
  A kobold (D:2)
35 creatures vanquished.

Notes
Turn   | Place    | Note
-------+----------+-------------------------------------------
     0 | Abyss:1  | DeepDeath the Gargoyle Abyssal Knight began the quest for
                  | the Orb.
     0 | Abyss:1  | Reached XP level 1. HP: 14/14 MP: 2/2
   121 | Abyss:1  | Noticed a raiju
   123 | D:1      | Escaped the Abyss
   322 | D:1      | Reached XP level 2. HP: 14/19 MP: 3/3
   356 | D:1      | Reached * piety under Lugonu
   411 | D:1      | Reached skill level 3 in Maces & Flails
   839 | D:2      | Noticed Terence
   871 | D:2      | Killed Terence
   871 | D:2      | Reached XP level 3. HP: 14/23 MP: 4/4
   880 | D:2      | Reached skill level 4 in Maces & Flails
   968 | D:2      | Found a faded altar of an unknown god.
   977 | D:2      | Reached XP level 4. HP: 23/28 MP: 5/5
  1262 | D:2      | Found a shattered altar of Ashenzari.
  1651 | D:1      | HP: 1/28 [orc/+0 flail (5)]
  1652 | D:1      | Slain by an orc

Illustrated notes

Levels and vault maps discovered:
D:1:      dpeg_arrival_radiant, layout_basic
D:2:      layout_loops_corners, marbit_many_paths,
          chequers_ecumenical_altar_simple_redux, first_ration, uniq_terence

Skill      XL: |  1  2  3 |
---------------+----------+-----
Maces & Flails | 3 4 |  4.7
Fighting       | |  3.2
Armour         | |  2.1
Dodging        | |  0.7
Invocations    | |  2.0

Action                   |  1- 3 |  4- 6 || total
-------------------------+-------+-------++-------
Melee: Mace              |    73 |    65 ||   138
Invok: Depart the Abyss  |     1 |       ||     1
  Use: Scroll            |     4 |     2 ||     6
       Potion            |     1 |     1 ||     2
  Eat: Chunk             |       |     2 ||     2
Armor: Leather armour    |    34 |    30 ||    64
Dodge: Dodged            |    56 |    51 ||   107
